 Dungeon Crawl Stone Soup version 0.31-a0-198-g2ad674f65e (webtiles) character file.

Game seed: 10207355786793937981

210 nono the Covered (level 5, -7/49 HPs)
             Began as an Armataur Fighter on June 25, 2023.
             Killed by divine providence
             ... invoked by an orc priest
              (13 damage)
             ... on level 3 of the Dungeon.
             The game lasted 00:04:43 (2744 turns).

nono the Covered (Armataur Fighter)                 Turns: 2744, Time: 00:04:43

Health: -7/49      AC: 15    Str: 23    XL:     5   Next: 57%
Magic:  5/5        EV:  7    Int:  9    God:
Gold:   151        SH:  4    Dex:  9    Spells: 4/4 levels left

rFire   . . .        u - +1 mace (protect)
rCold   . . .        c - +0 buckler
rNeg    . . .        b - +0 scale mail
rPois   .            (no helmet)
rElec   .            (no cloak)
rCorr   .            q - +0 pair of gloves
SInv    .            (no barding)
Will    .....        (no amulet) Stlth
                     r - ring of flight
HPRegen 0.28/turn    (no ring)
MPRegen 0.09/turn

%: roll
@: under a protective aura, flying
A: large, rugged brown scales 3, deformed body, armoured tail, roll, long
tongue, awkward tongue
a: no special abilities


You were on level 3 of the Dungeon.
You visited 1 branch of the dungeon, and saw 4 of its levels.

You collected 151 gold pieces.

Inventory:

Hand Weapons
 a - a +0 flail
 u - a +1 mace of protection (weapon)
Armour
 b - a +0 scale mail (worn)
 c - a +0 buckler (worn)
 q - a +0 pair of gloves (worn)
Jewellery
 r - a ring of flight (left hand)
 s - the ring "Ekestou" {rF+++ rN+ rCorr Int-5 Stlth+}
   (You found it on level 3 of the Dungeon)

   [ring of positive energy]

   Int:       It affects your intelligence (-5).
   rF:        It renders you almost immune to fire.
   rN:        It protects you from negative energy.
   rCorr:     It protects you from acid and corrosion.
   Stlth:     It makes you more stealthy.
Scrolls
 e - 4 scrolls of identify {unknown}
 f - 2 scrolls of poison {unknown}
 g - a scroll of teleportation {unknown}
 h - 2 scrolls of immolation {unknown}
 i - a scroll of acquirement {unknown}
 l - 2 scrolls of revelation {unknown}
 m - 2 scrolls of fog {unknown}
 n - 2 scrolls of noise {unknown}
Potions
 d - a potion of might
 j - 2 potions of heal wounds {unknown}
 k - a potion of haste {unknown}
 o - a potion of magic {unknown}
 p - a potion of degeneration {unknown}
 t - a potion of enlightenment {unknown}


   Skills:
 + Level 3.7 Fighting
 + Level 3.0 Maces & Flails
 + Level 4.9 Armour
 + Level 4.4 Shields


You had 4 spell levels left.
You didn't know any spells.
Your spell library contained the following spells:

 Spells                   Type           Power      Damage    Failure   Level
 Beastly Appendage        Tmut           0%         N/A       75%         1
 Wereblood                Tmut           0%         N/A       87%         2
 Hailstorm                Conj/Ice       0%         3d3       98%         3
 Spider Form              Tmut/Pois      0%         N/A       98%         3
 Ice Form                 Ice/Tmut       0%         N/A       100%        4
 Summon Forest            Summ/Tloc      0%         N/A       100%        5
 Summon Mana Viper        Hex/Summ       0%         N/A       100%        5
 Simulacrum               Ice/Necr       0%         N/A       100%        6
 Summon Cactus Giant      Summ           0%         N/A       100%        6


Dungeon Overview and Level Annotations

Branches:
Dungeon (4/15)
 Temple: D:4-7

Altars:

Annotations:
D:3 1 runed translucent door, flestrin's ghost, amateur DsGl


Innate Abilities, Weirdness & Mutations

You are completely covered in rugged brown scales. (AC +3, +7% HP)
Armour fits poorly on your strangely shaped body.
You have a long armoured tail.
You roll when moving toward enemies. (Rampage)
Your long tongue fully drains potion bottles. (2x potion effects)
Your tongue gives you trouble enunciating. (1.5x scroll delay)


Message History

a +0 hand axe; a +0 leather armour You fly upwards.
Level annotation: 1 runed translucent door, flestrin's ghost, amateur DsGl The orc priest invokes the aid of Beogh against you.
Pain shoots through your body!
There is a stone staircase leading down here.
You roll towards the orc priest!
The orc priest hits you but does no damage.
You hit the orc priest.
Your weapon exudes an aura of protection.
The orc priest is lightly wounded.
The orc priest invokes the aid of Beogh against you.
Beogh smites you!
You barely miss the orc priest.
The orc priest is lightly wounded.
The orc priest hits you but does no damage. x2
You hit the orc priest.
The orc priest is heavily wounded.
The orc priest hits you but does no damage.
You closely miss the orc priest.
The orc priest is heavily wounded.
The orc priest barely misses you.
You hit the orc priest.
The orc priest is severely wounded.
The orc priest calls down the wrath of Beogh upon you.
Pain shoots through your body!
You are too injured to fight recklessly!
You are too injured to fight recklessly!
You are too injured to fight recklessly!
You are too injured to fight recklessly!
You closely miss the orc priest.
The orc priest is severely wounded.
The orc priest mumbles some strange prayers to Beogh against you.
Beogh smites you!
* * * LOW HITPOINT WARNING * * *
You hit the orc priest.
The orc priest is almost dead.
The orc priest calls down the wrath of Beogh upon you.
Beogh smites you!
You die...

..##..###..........
...+..o..oo........
..##...###.o###### .#
.##... #oo# #.# #..#
##....####..# #.# #..#
#...........# ####.# #..#
..#.#####.####....## #..#
#....o.....# #..#
######..@....# #..#
#............# #..#
#.####....>..#########...
###...#............#
........##############
#########


You could see an orc priest.

Vanquished Creatures
  A jelly (D:3)
  2 orc priests (D:4)
  An orc wizard (D:4)
  3 adders
  A worm (D:2)
  2 dart slugs
  6 orcs
  9 bats
  5 endoplasms
  A giant cockroach (D:3)
  8 goblins
  4 hobgoblins
  A quokka (D:3)
  4 ball pythons
  4 frilled lizards
  8 kobolds
  3 rats
63 creatures vanquished.

Notes
Turn   | Place    | Note
-------+----------+-------------------------------------------
     0 | D:1      | nono the Armataur Fighter began the quest for the Orb.
     0 | D:1      | Reached XP level 1. HP: 19/19 MP: 1/1
   167 | D:1      | Reached XP level 2. HP: 26/26 MP: 2/2
   537 | D:1      | Found a faded altar of an unknown god.
   885 | D:2      | Identified the +5 scale mail "Bitaimn" {rPois rCorr Str+7
                  | Int-4}
  1163 | D:2      | Reached XP level 3. HP: 23/33 MP: 3/3
  1393 | D:2      | Identified the scarf "Oxunla" {repulsion, +Inv rC++ Will-}
  1966 | D:3      | Noticed flestrin's ghost (amateur DsGl)
  1969 | D:3      | Found a runed translucent door.
  2004 | D:3      | Identified the ring "Ekestou" {rF+++ rN+ rCorr Int-5
                  | Stlth+}
  2085 | D:3      | Reached XP level 4. HP: 21/40 MP: 4/4
  2702 | D:4      | Reached XP level 5. HP: 48/48 MP: 5/5
  2744 | D:3      | Killed from afar by an orc priest

Illustrated notes

Levels and vault maps discovered:
D:1:      dpeg_arrival_oval, layout_loops_ring,
          chequers_ecumenical_altar_twisty, minivault_24
D:2:      layout_basic
D:3:      kennysheep_six_static_rooms, layout_loops_ring,
          hellmonk_ghost_happy_afterlife
D:4:      layout_basic, serial_aquarium, aquarium_bridge_straight
          [aquarium_subvault_bridge, aquarium_subvault_window,
          aquarium_subvault_bridge, aquarium_subvault_window],
          aquarium_window_2, aquarium_window_1, aquarium_view_4,
          aquarium_view_2c, aquarium_balcony_double_1, kennysheep_small_square,
          uniq_menkaure

Skill      XL: |  1  2  3  4  5 |
---------------+----------------+-----
Maces & Flails | 2 3 |  3.0
Fighting       | 3 |  3.7
Armour         | 4 |  4.9
Shields        | 4 |  4.4

Action                     |  1- 3 |  4- 6 || total
---------------------------+-------+-------++-------
  Melee: Flail             |   110 |    35 ||   145
         Tailslap          |    11 |     7 ||    18
         Mace              |       |    29 ||    29
 Armour: Scale mail        |    61 |    39 ||   100
  Dodge: Dodged            |    22 |    21 ||    43
  Block: Buckler           |    25 |    25 ||    50

Table legend: (Time is in decaauts)
 A = Elapsed time spent in this place.
 B = Non-inter-level travel time spent in this place.
 C = Inter-level travel time spent in this place.
 D = Time resting spent in this place.
 E = Time spent auto-exploring this place.
 F = Levels seen in this place.
 G = Mean time per level.
                   A        B        C        D        E       F      G
               +--------+--------+--------+--------+--------+-----+--------+
         Total |   2800 |   2737 |     63 |    109 |   2116 |   4 |  700.0 |
       Dungeon |   2800 |   2737 |     63 |    109 |   2116 |   4 |  700.0 |
               +--------+--------+--------+--------+--------+-----+--------+

Top non-repeatable levels by time:
     D:2: 973 daAuts
     D:1: 893 daAuts
     D:3: 760 daAuts
     D:4: 172 daAuts
